AoeStats
← seanyPoo

Baltic

510640639Analyzed
3v3 RM · 1d ago on Oct 1, 2026· 51m 46s· 6 players
Game mode
Random Map
Map size
Normal (6 player)
Population
200
Speed
Normal
Resources
Standard
Victory
Conquest
Starting age
Dark Age
Ending age
Imperial Age
RankedLock teamsTeams togetherTeam positionsShared explorationLock speedFull tech treeHidden civsTurbo modeCheats
Victory
Defeat
🇺🇸 Dravidians · United States
928
+13
🇺🇸 Japanese · United States
923
+14
🇺🇸 Celts · United States
684
+23
🇳🇱 Japanese · Netherlands
927
-19
🇧🇷 Vikings · Brazil
839
-16
🇨🇭 Saracens · Switzerland
825
-15
aochamberlin17
5:30 Loom
16:00 Feudal Age
20:43 Castle Age
19:25 Forging
19:03 Arson
19:41 Scale Mail Armor
20:41 Horse Collar
20:51 Double-Bit Axe
21:35 Stone Mining
25:08 Gold Mining
40:44 Heavy Plow
40:56 Bow Saw
44:03 Imperial Age
seanyPoo
1:01 Loom
13:48 Feudal Age
29:25 Castle Age
32:49 Man-at-Arms
33:15 Gambesons
33:16 Arson
mata101
5:36 Loom
10:44 Feudal Age
11:49 Double-Bit Axe
11:49 Horse Collar
12:07 Gold Mining
16:15 Town Watch
18:42 Castle Age
16:37 Man-at-Arms
17:19 Scale Mail Armor
18:55 Forging
18:48 Padded Archer Armor
18:45 Arson
20:22 Bow Saw
19:35 Long Swordsman
19:38 Elite Skirmisher
20:53 Heavy Plow
21:32 Gambesons
21:49 Squires
24:55 Stone Mining
25:53 Fletching
26:41 Chain Mail Armor
29:17 Bodkin Arrow
29:38 Leather Archer Armor
29:58 Iron Casting
30:57 Wheelbarrow
34:54 Imperial Age
33:11 Thumb Ring
32:33 Pikeman
35:10 Hand Cart
34:56 Town Patrol
35:51 Two-Handed Swordsman
35:52 Halberdier
37:07 Wootz Steel
37:08 Conscription
37:30 Plate Mail Armor
36:43 Champion
39:20 Blast Furnace
38:21 Bracer
39:50 Ring Archer Armor
40:59 Ballistics
41:40 Chemistry
40:36 Murder Holes
41:32 Masonry
46:42 Elite Urumi Swordsman
47:30 Scale Barding Armor
Prutser
10:26 Feudal Age
19:00 Castle Age
17:51 Double-Bit Axe
19:14 Horse Collar
19:55 Bow Saw
21:07 Heavy Plow
21:06 Fishing Lines
22:30 Wheelbarrow
23:43 Gillnets
26:49 Hand Cart
28:24 Forging
28:14 Scale Mail Armor
30:04 Stone Mining
30:10 Gold Mining
39:58 Fortified Wall
41:21 Loom
43:21 Gold Shaft Mining
44:16 Iron Casting
43:57 Chain Mail Armor
GhostsKing18080
9:45 Feudal Age
10:36 Double-Bit Axe
14:54 Fishing Lines
17:45 Castle Age
17:18 Stone Mining
19:00 Gillnets
22:36 Bow Saw
26:39 Horse Collar
26:54 Gold Mining
28:09 Medium Warships
29:37 Husbandry
39:37 Imperial Age
37:53 Bloodlines
40:36 Scale Barding Armor
40:41 Forging
40:22 Fletching
40:32 Padded Archer Armor
40:33 Scale Mail Armor
41:36 Chemistry
40:57 Ballistics
41:51 Gold Shaft Mining
46:36 Light Cavalry
HerrOliveira
7:12 Loom
10:42 Feudal Age
12:44 Double-Bit Axe
18:05 Castle Age
17:45 Padded Archer Armor
17:36 Fletching
17:50 Scale Mail Armor
17:38 Horse Collar
19:10 Leather Archer Armor
19:43 Crossbowman
21:19 Man-at-Arms
23:50 Bow Saw
26:53 Forging
27:31 Town Watch
31:08 Bodkin Arrow
32:24 Town Patrol
37:03 Imperial Age
37:49 Iron Casting
37:30 Chain Mail Armor
39:34 Arbalester
45:39 Blast Furnace
45:10 Plate Mail Armor
47:37 Bracer
48:05 Ballistics
Connection lost

Rejoining the realm…

Still unreachable

The connection could not be restored.

Session expired

The server has moved on; the page needs a fresh start.